 Dungeon Crawl Stone Soup version 0.29-a0-296-gda187f2e07 (webtiles) character file.

Game seed: 13819044662419280559

394 Leszczynek the Ruffian (level 7, 0/52 HPs)
             Began as a Human Gladiator on Mar 19, 2022.
             Slain by a sky beast (6 damage)
             ... on level 5 of the Dungeon.
             The game lasted 00:11:29 (2120 turns).

Leszczynek the Ruffian (Human Gladiator)            Turns: 2120, Time: 00:11:29

Health: 0/52       AC:  6    Str: 15    XL:     7   Next: 9%
Magic:  7/7        EV: 11    Int: 10    God:
Gold:   142        SH:  0    Dex: 14    Spells: 6/6 levels left

rFire   . . .      SeeInvis .     - Unarmed
rCold   . . .      Faith    .   (no shield)
rNeg    . . .      Spirit   .   f - +0 ring mail
rPois   .          Reflect  .   b - +0 helmet
rElec   .          Harm     .   (no cloak)
rCorr   .          Rampage  .   (no gloves)
Will    .....                   (no boots)
Stlth   +.........              (no amulet)
HPRegen 0.17/turn               (no ring)
MPRegen 0.10/turn               (no ring)

@: no status effects
A: no striking features
a: no special abilities


You were on level 5 of the Dungeon.
You visited 1 branch of the dungeon, and saw 5 of its levels.

You collected 249 gold pieces.
You spent 107 gold pieces at shops.

Inventory:

Hand Weapons
 o - a +0 hunting sling
Missiles
 d - a javelin
 q - 2 throwing nets
 w - 2 poisoned darts (quivered)
Armour
 a - a +0 leather armour
 b - a +0 helmet (worn)
 e - a +0 robe
 f - a +0 ring mail (worn)
Jewellery
 y - an amulet of faith
Wands
 u - a wand of paralysis (3)
 v - a wand of iceblast (4)
Scrolls
 c - a scroll of fear {unknown}
 j - 2 scrolls of identify {unknown}
 k - a scroll of brand weapon {unknown}
 n - 2 scrolls of fog {unknown}
 p - a scroll of enchant armour {unknown}
 r - a scroll of teleportation {unknown}
 s - a scroll of blinking {unknown}
 x - a scroll of holy word {unknown}
Potions
 g - a potion of curing {unknown}
 h - a potion of might {unknown}
 i - a potion of lignification {unknown}
 l - a potion of magic {unknown}
 t - 2 potions of resistance


   Skills:
 - Level 3.2 Fighting
 - Level 2.0 Throwing
 - Level 3.0 Dodging
 + Level 7.0 Unarmed Combat


You had 6 spell levels left.
You didn't know any spells.
Your spell library contained the following spells:

 Spells                   Type           Power      Damage    Failure   Level
 Freeze                   Ice            0%         1d3       58%         1
 Frozen Ramparts          Ice            0%         1d2       92%         3
 Hailstorm                Conj/Ice       0%         3d3       100%        4


Dungeon Overview and Level Annotations

Branches:
Dungeon (5/15)
 Temple: D:4-7

Altars:
Dithmenos
Elyvilon

Shops:
D:4 *


Message History

The sky beast is poisoned.
The sky beast hits you. The sky beast shocks you.
Throw: 3 darts (poison)
Press: ? - help, Q - select action, (/) - cycle Shift-Dir - straight line, f/p - sky beast
Aim: a sky beast (lightly wounded, poisoned, 50% to hit)
You throw a poisoned dart. The poisoned dart hits the sky beast.
The sky beast looks even sicker.
The sky beast is lightly wounded.
The sky beast hits you. The sky beast shocks you.
You hit the sky beast.
The sky beast is moderately wounded.
The sky beast hits you but does no damage.
You miss the sky beast.
The sky beast is moderately wounded.
The sky beast closely misses you.
You barely miss the sky beast. You punch the sky beast.
The sky beast is moderately wounded.
The sky beast flickers out of sight!
Deactivating autopickup; reactivate with Ctrl-A.
Something hits you. Something shocks you.
You barely miss something. Something hits you. Something shocks you.
* * * LOW HITPOINT WARNING * * *
You miss something.
It was a potion of resistance.
You feel protected. Something hits you.
* * * LOW HITPOINT WARNING * * *
Something shocks you. You resist.
* * * LOW HITPOINT WARNING * * *
It was a potion of cancellation.
Your magical effects are unravelling.
You feel magically purged.
Your resistance to elements expires.
Something hits you but does no damage.
Aiming: Iceblast
Press: ? - help, Shift-Dir - straight line The mass of ice explodes!
The iceblast engulfs something!
Something hits you.
* * * LOW HITPOINT WARNING * * *
Something shocks you.
You die...

........................##
.........##.#.###.#..####
.........##.#.....†..##
.........##.#####.....##
...#...#.##.#####......##
########...................
###..####..#######.
###.###...# .>....{@..#
..........# ........?##
########.# ###


There were no monsters in sight!

Vanquished Creatures
  An ogre (D:5)
  An orc priest (D:3)
  3 hounds
  2 iguanas (D:4)
  A gnoll (D:4)
  4 adders
  A white imp (D:5)
  A worm (D:2)
  3 dart slugs (D:1)
  4 orcs
  8 bats
  5 endoplasms
  2 giant cockroaches
  7 goblins
  8 hobgoblins
  4 jackals
  5 quokkas
  5 ball pythons
  A frilled lizard (D:3)
  4 kobolds
  6 rats
76 creatures vanquished.

Notes
Turn   | Place    | Note
-------+----------+-------------------------------------------
     0 | D:1      | Leszczynek the Human Gladiator began the quest for the Orb.
     0 | D:1      | Reached XP level 1. HP: 16/16 MP: 1/1
    66 | D:1      | Reached XP level 2. HP: 17/23 MP: 2/2
   195 | D:1      | Reached skill level 3 in Fighting
   268 | D:1      | Reached XP level 3. HP: 21/29 MP: 3/3
   697 | D:2      | Reached XP level 4. HP: 25/35 MP: 4/4
   725 | D:2      | Reached skill level 4 in Unarmed Combat
   766 | D:2      | Found a faded altar of an unknown god.
  1295 | D:3      | Reached XP level 5. HP: 37/41 MP: 5/5
  1350 | D:3      | Reached skill level 5 in Unarmed Combat
  1598 | D:4      | Reached XP level 6. HP: 39/47 MP: 6/6
  1638 | D:5      | Entered Level 5 of the Dungeon
  1650 | D:5      | Noticed an ogre
  1776 | D:4      | Reached skill level 6 in Unarmed Combat
  1853 | D:4      | Found Pockituc's Assorted Antiques.
  1858 | D:4      | Bought a pink potion for 19 gold pieces
  1858 | D:4      | Bought a worn glass wand for 88 gold pieces
  1926 | D:5      | Found a white marble altar of Elyvilon.
  1937 | D:5      | Found a shadowy altar of Dithmenos.
  1991 | D:5      | Noticed a water moccasin
  2056 | D:5      | Killed an ogre
  2078 | D:5      | Reached XP level 7. HP: 43/52 MP: 7/7
  2104 | D:5      | Reached skill level 7 in Unarmed Combat
  2118 | D:5      | HP: 8/52 [something (4)]
  2120 | D:5      | Slain by a sky beast

Illustrated notes

Levels and vault maps discovered:
D:1:      psy_arrival_statuary, layout_basic
D:2:      layout_basic, ebering_ecumenical_altar_box
D:3:      layout_basic, serial_aquarium, aquarium_bridge_square
          [aquarium_subvault_bridge, aquarium_subvault_wall,
          aquarium_subvault_wall, aquarium_subvault_wall],
          aquarium_bridge_long_separate [aquarium_subvault_balcony,
          aquarium_subvault_bridge, aquarium_subvault_wall,
          aquarium_subvault_wall, aquarium_subvault_window,
          aquarium_subvault_bridge], aquarium_window_fake, aquarium_window_fake,
          aquarium_view_2f, aquarium_pool_split
D:4:      layout_loops_cross, serial_shops, nicolae_shop_hallway_plus
D:5:      layout_rooms, nicolae_dithmenos_the_darkroom, elyvilon_altar_5,
          mainiacjoe_overflow_divided_tiny, minmay_misc_feat_plants

Skill      XL: |  1  2  3  4  5  6  7 |
---------------+----------------------+-----
Fighting       | 3 |  3.2
Unarmed Combat | 4 5 6 7 |  7.0
Throwing       | |  2.0
Dodging        | |  3.0

Action                   |  1- 3 |  4- 6 |  7- 9 || total
-------------------------+-------+-------+-------++-------
Melee: Unarmed           |   150 |   135 |    13 ||   298
       Punch             |     4 |     9 |     1 ||    14
Throw: Throwing net      |     3 |     3 |       ||     6
       Dart              |       |    16 |     2 ||    18
Evoke: Wand              |       |     1 |     1 ||     2
  Use: Potion            |       |       |     2 ||     2
 Stab: Held in net/web   |       |     1 |       ||     1
       Paralysed         |       |     4 |       ||     4
Armor: Leather armour    |    16 |       |       ||    16
       Ring mail         |    47 |    37 |     6 ||    90
Dodge: Dodged            |    93 |    54 |     4 ||   151

Table legend: (Time is in decaauts)
 A = Elapsed time spent in this place.
 B = Non-inter-level travel time spent in this place.
 C = Inter-level travel time spent in this place.
 D = Time resting spent in this place.
 E = Time spent auto-exploring this place.
 F = Levels seen in this place.
 G = Mean time per level.
                   A        B        C        D        E       F      G
               +--------+--------+--------+--------+--------+-----+--------+
         Total |   2101 |   1914 |    187 |      0 |      0 |   5 |  420.2 |
       Dungeon |   2101 |   1914 |    187 |      0 |      0 |   5 |  420.2 |
               +--------+--------+--------+--------+--------+-----+--------+

Top non-repeatable levels by time:
     D:1: 575 daAuts
     D:3: 527 daAuts
     D:4: 453 daAuts
     D:2: 351 daAuts
     D:5: 192 daAuts
